 Dungeon Crawl Stone Soup version bcrawl-1.36 (webtiles) character file.

Game seed: 12788373704667100207

111129 Mrkan the Sneak (level 4, 0/34 HPs)
             Began as a Gnoll Archaeologist on Apr 17, 2022.
             Was an Initiate of Kikubaaqudgha.
             Slain by a sky beast (5 damage)
             ... on level 3 of the Dungeon.
             The game lasted 00:03:24 (1896 turns).

Mrkan the Sneak (Gnoll Archaeologist)               Turns: 1896, Time: 00:03:24

Health: 0/34       AC:  6    Str: 14    XL:     4   Next: 12%
Magic:  5/5        EV: 15    Int: 16    God:    Kikubaaqudgha [......]
Gold:   296        SH:  0    Dex: 14    Spells: 5/5 levels left

rFire    . . .     SeeInvis .   a - +0 whip
rCold    . . .     Gourm    .   (no shield)
rNeg     . . .     Faith    .   c - +1 robe
rPois    .         Spirit   .   d - +1 hat
rElec    .         Reflect  .   (no cloak)
rCorr    .                      (no gloves)
MR       .....                  k - +1 pair of boots
Stlth    +++.......             (no amulet)
HPRegen  0.11/turn              (no ring)
MPRegen  0.09/turn              (no ring)

@: no status effects
A: distributed training, fangs 1, strong nose
a: Renounce Religion


You were on level 3 of the Dungeon.
You worshipped Kikubaaqudgha.
Kikubaaqudgha was noncommittal.
You were not hungry.

You visited 1 branch of the dungeon, and saw 3 of its levels.

You collected 296 gold pieces.

Inventory:

Hand Weapons
 a - a +0 whip (weapon)
 b - a +0 blowgun
 w - a cursed -1 spear
Missiles
 f - 6 curare-tipped needles
 j - 407 stones (quivered)
Armour
 c - a +1 robe (worn)
 d - a +1 hat (worn)
 k - a +1 pair of boots (worn)
 l - a +0 pair of boots
Jewellery
 p - an uncursed ring of wizardry {unknown}
 y - the cursed amulet "Ifouqe" {Inacc Str+4, unknown}
   (You found it on level 3 of the Dungeon)

   [amulet of inaccuracy]

   It reduces the accuracy of all your attacks.
   It affects your strength (+4).
   It has a curse placed upon it.
Wands
 t - a wand of enslavement (9)
Scrolls
 g - 3 scrolls of magic mapping
 i - 7 scrolls of identify
 m - a scroll of blinking {unknown}
 n - a scroll of enchant armour {unknown}
 o - 3 scrolls of fear {unknown}
 q - 2 scrolls of remove curse {unknown}
 s - a scroll of teleportation {unknown}
 v - a scroll of immolation {unknown}
Potions
 r - a potion of curing {unknown}
 u - 2 potions of lignification {unknown}
Miscellaneous
 h - a dusty tome
Comestibles
 e - 4 rations {!d}
 x - 5 chunks of flesh


   Skills:
 + Level 2.7 Fighting
 + Level 1.0 Short Blades
 + Level 1.0 Long Blades
 + Level 1.0 Axes
 + Level 2.7 Maces & Flails
 + Level 1.0 Polearms
 + Level 1.0 Staves
 + Level 1.0 Slings
 + Level 1.0 Bows
 + Level 1.0 Crossbows
 + Level 1.0 Throwing
 + Level 1.0 Armour
 + Level 6.5 Dodging
 + Level 6.5 Stealth
 + Level 1.0 Shields
 + Level 1.0 Unarmed Combat
 + Level 1.0 Spellcasting
 + Level 0.7 Conjurations
 + Level 0.7 Hexes
 + Level 0.7 Charms
 + Level 0.7 Summonings
 + Level 0.7 Necromancy
 + Level 0.7 Translocations
 + Level 0.7 Transmutations
 + Level 0.7 Fire Magic
 + Level 0.7 Ice Magic
 + Level 0.7 Air Magic
 + Level 0.7 Earth Magic
 + Level 0.7 Poison Magic
 + Level 1.1 Invocations
 + Level 1.0 Evocations


You had 5 spell levels left.
You didn't know any spells.
Your spell library was empty.

Dungeon Overview and Level Annotations

Branches:
Dungeon (3/12)

Altars:
Kikubaaqudgha


Innate Abilities, Weirdness & Mutations

Your experience applies equally to all skills.
You have very sharp teeth.
Your uncanny sense of smell can sniff out nearby items.


Message History

Deactivating autopickup; reactivate with Ctrl-A.
Something hits you but does no damage.
You hit something. Something hits you. Something shocks you.
You hit something. Something barely misses you.
You barely miss something. Something hits you but does no damage.
You hit something but do no damage. You bite something. Something hits you.
Something shocks you.
You barely miss something. Something hits you but does no damage.
You miss something.
A sky beast appears from thin air!
Reactivating autopickup.
The sky beast hits you. The sky beast shocks you.
* * * LOW HITPOINT WARNING * * *
You closely miss the sky beast.
The sky beast is moderately wounded.
The sky beast barely misses you.
You closely miss the sky beast.
The sky beast is moderately wounded.
The sky beast hits you.
You die...
Kikubaaqudgha rasps: "You have failed me!
Welcome... death!"

.S .# .# #.#
### ####.##
..#. $..#
#.####.####..#
#
#....Y@.!....#
.#
#..#######...#
###.#
#...######...#
#....[.....###
#...######...#
#.### #.#.#
#.# ##.#.# #.#
#....# ∆ ..#
#....#


You could see a sky beast.

Vanquished Creatures
  A worm (D:2)
  3 dart slugs
  A leopard gecko (D:1)
  5 orcs (D:3)
  5 bats
  4 giant cockroaches
  6 goblins
  6 hobgoblins
  2 quokkas (D:2)
  A ball python (D:1)
  3 frilled lizards
  3 kobolds (D:2)
  6 rats
46 creatures vanquished.

Notes
Turn   | Place    | Note
-------+----------+-------------------------------------------
     0 | D:1      | Mrkan the Gnoll Archaeologist began the quest for the Orb.
     0 | D:1      | Reached XP level 1. HP: 17/17 MP: 1/1
   113 | D:1      | Reached XP level 2. HP: 23/23 MP: 2/2
   500 | D:1      | Reached XP level 3. HP: 19/28 MP: 3/3
   876 | D:2      | Found an ancient bone altar of Kikubaaqudgha.
   901 | D:2      | Became a worshipper of Kikubaaqudgha
  1200 | D:2      | Reached skill level 1 in Invocations
  1692 | D:3      | Reached skill level 1 in Short Blades
  1692 | D:3      | Reached skill level 1 in Long Blades
  1692 | D:3      | Reached skill level 1 in Axes
  1692 | D:3      | Reached skill level 1 in Polearms
  1692 | D:3      | Reached skill level 1 in Staves
  1692 | D:3      | Reached skill level 1 in Slings
  1692 | D:3      | Reached skill level 1 in Bows
  1692 | D:3      | Reached skill level 1 in Crossbows
  1692 | D:3      | Reached skill level 1 in Throwing
  1692 | D:3      | Reached skill level 1 in Armour
  1692 | D:3      | Reached skill level 1 in Shields
  1692 | D:3      | Reached skill level 1 in Unarmed Combat
  1692 | D:3      | Reached skill level 1 in Spellcasting
  1692 | D:3      | Reached skill level 1 in Evocations
  1747 | D:3      | Reached XP level 4. HP: 31/34 MP: 5/5
  1854 | D:3      | Got a translucent iron amulet
  1879 | D:3      | Noticed a sky beast
  1896 | D:3      | Slain by a sky beast

Skill      XL: |  1  2  3 |
---------------+----------+-----
Invocations    | 1 |  1.1
Short Blades   | 1 |  1.0
Long Blades    | 1 |  1.0
Axes           | 1 |  1.0
Polearms       | 1 |  1.0
Staves         | 1 |  1.0
Slings         | 1 |  1.0
Bows           | 1 |  1.0
Crossbows      | 1 |  1.0
Throwing       | 1 |  1.0
Armour         | 1 |  1.0
Shields        | 1 |  1.0
Unarmed Combat | 1 |  1.0
Spellcasting   | 1 |  1.0
Evocations     | 1 |  1.0
Fighting       | |  2.7
Maces & Flails | |  2.7
Dodging        | |  6.5
Stealth        | |  6.5
Conjurations   | |  0.7
Hexes          | |  0.7
Charms         | |  0.7
Summonings     | |  0.7
Necromancy     | |  0.7
Translocations | |  0.7
Transmutations | |  0.7
Fire Magic     | |  0.7
Ice Magic      | |  0.7
Air Magic      | |  0.7
Earth Magic    | |  0.7
Poison Magic   | |  0.7

Action                   |  1- 3 |  4- 6 || total
-------------------------+-------+-------++-------
Melee: Whip              |   151 |    32 ||   183
       Bite              |    19 |     7 ||    26
 Stab: Sleeping          |    10 |       ||    10
  Eat: Chunk             |     6 |     2 ||     8
Armor: Robe              |    44 |     8 ||    52
Dodge: Dodged            |   141 |    16 ||   157
